cohdb
Replays
Latest Replays
All Replays
Popular Replays
Top Player Replays
Match Explorer
How It Works
Community
CoH3 Stats
Reddit
Sign in to upload your games and track your stats! →
Sign in with Steam
Match 41559509
Unlisted
Match 41559509
Overview
Messages
Build Orders
End
Construct Section Command Post
Selects Indian Artillery Battlegroup
Infantry Section
Infantry Section
Infantry Section
Infantry Section
Selects War Cry
Construct Platoon Command Post
Selects Gurkha Rifles Section
Infantry Training
Construct Field Infirmary
6-pounder Anti-tank Gun Team
Vickers Machine Gun Team
Team Weapon Training
Selects Pillage
War Cry
Construct Company Command Post
Selects Artillery Saturation
Crusader II Medium Tank
Selects Off-map Airburst Barrage
Selects Perimeter Monitor
Crusader II Medium Tank
Off-map Airburst Barrage
Unlock Bishop Self-propelled Artillery
Off-map Airburst Barrage
Bishop Self-propelled Artillery
Armored Vehicle Training
Off-map Airburst Barrage
Off-map Airburst Barrage
Infantry Section
Off-map Airburst Barrage
Crusader II Medium Tank
Off-map Airburst Barrage
Off-map Airburst Barrage
War Cry
Crusader II Medium Tank
Crusader II Medium Tank
Crusader II Medium Tank
Royal Engineer Section
Off-map Airburst Barrage
AI Takeover
Exf
Gravey
Joker
jhc0928d
zenlew
jodone
Templar Killer
padak@@@
0
0
Comments
sign in to comment!
No comments posted yet!